 Dungeon Crawl Stone Soup version 0.31-a0-236-g9a0961fb85 (webtiles) character file.

Game seed: 16296165684552260512

280 qw the Shooter (level 6, -2/35 HPs)
             Began as a Gargoyle Hexslinger on July 9, 2023.
             Killed by divine providence
             ... invoked by an orc priest
              (13 damage)
             ... on level 4 of the Dungeon.
             The game lasted 00:01:02 (2046 turns).

qw the Shooter (Gargoyle Hexslinger)                Turns: 2046, Time: 00:01:02

Health: -2/35      AC:  9    Str: 12    XL:     6   Next: 27%
Magic:  6/6        EV: 10    Int: 13    God:
Gold:   300        SH:  0    Dex: 14    Spells: 6/7 levels left

rFire   . . .        Y - +4 sling (drain)
rCold   + . .        (no shield)
rNeg    + + .        h - +0 ring mail
rPois   inf          (no helmet)
rElec   +            (no cloak)
rCorr   .            (no gloves)
SInv    .            (no boots)
Will    +....        (no amulet)
Stlth   +            j - ring of positive energy
HPRegen 0.25/turn    e - ring of willpower
MPRegen 0.10/turn

%: no passive effects
@: no status effects
A: sickness immunity, AC +4, negative energy resistance 1, electricity
resistance, torment resistance 1, petrification resistance, cold resistance 1,
low MP 1
a: no special abilities


You were on level 4 of the Dungeon.
You visited 1 branch of the dungeon, and saw 4 of its levels.

You collected 300 gold pieces.


Innate Abilities, Weirdness & Mutations

You are immune to sickness and miasma.
Your stone body is resilient. (AC +4)
You are immune to poison.
You resist negative energy. (rN+)
You are resistant to electric shocks. (rElec)
You are resistant to unholy torment.
You are immune to petrification.
Your flesh is cold resistant. (rC+)
Your magical capacity is low. (-10% MP)


   Skills:
 + Level 2.0 Fighting
 - Level 5.9 Ranged Weapons
 - Level 1.8 Armour
 - Level 1.5 Dodging
 - Level 1.0 Spellcasting
 - Level 2.6 Hexes


You had 6 spell levels left.
You knew the following spells:

 Your Spells              Type           Power      Damage    Failure   Level
a - Slow                  Hex            28%        N/A       21%         1

Your spell library contained the following spells:

 Spells                   Type           Power      Damage    Failure   Level
 Inner Flame              Hex/Fire       4%         N/A       71%         3
 Portal Projectile        Hex/Tloc       8%         N/A       71%         3
 Cause Fear               Hex            3%         N/A       90%         4

Inventory:

Hand Weapons
 Y - a +4 sling of draining (weapon)
Armour
 g - a +0 pair of gloves
 h - a +0 ring mail (worn)
Jewellery
 c - a ring of ice
 e - a ring of willpower (right hand)
 j - a ring of positive energy (left hand)
Scrolls
 a - 5 scrolls of identify
Potions
 b - a potion of curing
 d - a potion of cancellation
 f - 2 potions of heal wounds
 k - a potion of mutation

Dungeon Overview and Level Annotations

Branches:
Dungeon (4/15)
 Temple: D:4-7

Altars:
Zin

Shops:
D:1 =


Message History

Enter note:
Enter note:
Enter note:
Enter note:
Enter note:
Enter note:
Enter note:
Enter note:
Enter note:
Enter note:
Enter note:
Enter note: An orc priest comes into view.
It is wielding a +0 hand axe.
The orc priest shouts!
The orc priest invokes the aid of Beogh against you.
Beogh smites you!
Enter note:
Enter note:
Enter note:
Enter note:
Enter note:
Enter note:
Enter note:
Enter note:
Enter note:
Enter note:
Enter note:
Enter note: You shoot a sling bullet.
The sling bullet hits the orc priest but does no damage.
You shoot a sling bullet. The sling bullet hits the orc priest.
The orc priest is lightly wounded.
The orc priest calls down the wrath of Beogh upon you.
Beogh smites you!
You shoot a sling bullet. The sling bullet hits the orc priest.
You drain the orc priest.
The orc priest is severely wounded.
The orc priest invokes the aid of Beogh against you.
Beogh smites you!
You die...

###......##..####...........
#..............##.....####..
##........#o...#.....#
.#.......##..........# ##
........##......##...##.#.##
...........###..###.........
.#.........##..#####..#.#.##
..........###....####.###..##
.....#.....##..#@.##..<#....#
###.##.#...#..##..##.##....##
...#####......###.##..#.....#
.(.## #.....#.###.......>..##
....###..#..#..#............#.#
.....##............#........#.#
.........#.........#...........
.......###.....#...............
........##.....#...........#...


You could see an orc priest (very drained).

Vanquished Creatures
  Menkaure (D:4)
  An iguana (D:4)
  A howler monkey skeleton (D:2)
  3 adders
  2 worms
  2 dart slugs (D:2)
  9 orcs
  5 ball pythons
  A bat skeleton (D:2)
  4 endoplasms
  2 giant cockroaches
  9 goblins
  5 hobgoblins
  6 jackals
  2 quokkas
  A ball python zombie (D:2)
  9 bats
  2 frilled lizards (D:2)
  7 kobolds
  2 rats
74 creatures vanquished.

Notes
Turn   | Place    | Note
-------+----------+-------------------------------------------
     0 | D:1      | qw the Gargoyle Hexslinger began the quest for the Orb.
     0 | D:1      | Reached XP level 1. HP: 12/12 MP: 2/2
     0 | D:1      | 0 ||| qw: Version: 0.3-a-51-g015441d
     0 | D:1      | 0 ||| qw: Game counter: 4392
     0 | D:1      | 0 ||| qw: Melee chars always use a shield: true
     0 | D:1      | 0 ||| qw: God list: Okawaru
     0 | D:1      | 0 ||| qw: Allow faded altars: false
     0 | D:1      | 0 ||| qw: Do Orc after clearing Dungeon:15 true
     0 | D:1      | 0 ||| qw: Do second Lair branch before Depths: true
     0 | D:1      | 0 ||| qw: Lair rune preference: random
     0 | D:1      | 0 ||| qw: Goals: Normal
     0 | D:1      | 0 ||| PLANNING D:1-11
    81 | D:1      | Reached XP level 2. HP: 16/16 MP: 3/3
   181 | D:1      | Reached skill level 3 in Ranged Weapons
   243 | D:1      | You fall into a shaft and drop 1 floor!
   268 | D:2      | Reached XP level 3. HP: 9/21 MP: 4/4
   398 | D:2      | 398 ||| UPGRADING to ring of positive energy.
   399 | D:2      | 399 ||| READING 2 scrolls labelled HYWUOR BOACRO.
   400 | D:2      | 400 ||| READING scroll labelled VATOSMA JAIMN.
   499 | D:2      | 499 ||| READING scroll labelled QYKLOSHRETTE.
   499 | D:2      | Identified a scroll of acquirement
   499 | D:2      | 499 ||| ACQUIRING ring of willpower
   499 | D:2      | Acquired a ring of willpower
   501 | D:2      | 501 ||| UPGRADING to ring of willpower.
   502 | D:2      | 502 ||| READING scroll labelled IKOUSCH EMNUNI.
   503 | D:2      | 503 ||| READING 2 scrolls labelled OCVUHO WUFUXTI.
   504 | D:2      | 504 ||| READING scroll labelled BUJUIC ILOW.
   505 | D:2      | 505 ||| READING scroll labelled LAQ EWED WAIC.
   506 | D:2      | 506 ||| DRINKING 2 metallic red potions.
   506 | D:2      | Gained mutation: Your spells are a little easier to cast,
                  | but a little less powerful. [potion of mutation]
   506 | D:2      | Gained mutation: Your magical capacity is low. (-10% MP)
                  | [potion of mutation]
   506 | D:2      | Lost mutation: Your spells are a little easier to cast, but
                  | a little less powerful. [potion of mutation]
   506 | D:2      | Gained mutation: Your flesh is cold resistant. (rC+)
                  | [potion of mutation]
   507 | D:2      | 507 ||| DROPPING scroll of poison.
   508 | D:2      | 508 ||| DROPPING scroll of noise.
   513 | D:2      | 513 ||| FLEEEEING.
   514 | D:2      | 514 ||| STAIRDANCE
   524 | D:1      | Found Mulachul's Jewellery Boutique.
   531 | D:1      | 531 ||| SHOPLISTING +4 ring of protection (432 gold, have
                  | 59).
   531 | D:1      | 531 ||| SHOPLISTING ring of fire (300 gold, have 59).
   531 | D:1      | 531 ||| SHOPLISTING ring of ice (300 gold, have 59).
   531 | D:1      | 531 ||| SHOPLISTING ring of protection from cold (300 gold,
                  | have 59).
   531 | D:1      | 531 ||| SHOPLISTING ring of see invisible (180 gold, have
                  | 59).
   926 | D:2      | Reached skill level 4 in Ranged Weapons
   926 | D:2      | Reached XP level 4. HP: 26/26 MP: 4/4
  1139 | D:2      | 1139 ||| READING scroll of enchant weapon.
  1139 | D:2      | 1139 ||| ENCHANTING +2 sling of draining.
  1199 | D:2      | 1199 ||| READING 3 scrolls of identify.
  1199 | D:2      | 1199 ||| IDENTIFYING blue potion
  1200 | D:2      | 1200 ||| READING 2 scrolls of identify.
  1200 | D:2      | 1200 ||| IDENTIFYING fuming silvery potion
  1255 | D:3      | 1255 ||| READING scroll of enchant weapon.
  1255 | D:3      | 1255 ||| ENCHANTING +3 sling of draining.
  1356 | D:3      | Found a faded altar of an unknown god.
  1574 | D:3      | 1574 ||| UPGRADING to +0 leather armour.
  1584 | D:3      | 1584 ||| DROPPING +0 robe.
  1585 | D:3      | 1585 ||| UPGRADING to +0 ring mail.
  1595 | D:3      | 1595 ||| DROPPING +0 leather armour.
  1596 | D:3      | 1596 ||| READING 3 scrolls labelled OROLIN HUOGUR.
  1597 | D:3      | 1597 ||| READING scroll labelled GOPAKAI TIUT.
  1598 | D:3      | 1598 ||| READING scroll labelled XEUL BUCIDGHE.
  1603 | D:3      | 1603 ||| READING 2 scrolls of identify.
  1603 | D:3      | 1603 ||| IDENTIFYING inky potion
  1604 | D:3      | 1604 ||| DROPPING 2 scrolls of amnesia.
  1628 | D:4      | Reached XP level 5. HP: 30/30 MP: 5/5
  1646 | D:4      | Found a glowing silver altar of Zin.
  1711 | D:4      | Reached skill level 1 in Armour
  1778 | D:4      | Noticed Menkaure
  1788 | D:4      | Killed Menkaure
  1789 | D:4      | Reached skill level 5 in Ranged Weapons
  1789 | D:4      | Reached XP level 6. HP: 23/35 MP: 6/6
  1792 | D:4      | 1792 ||| FLEEEEING.
  1795 | D:4      | 1795 ||| STAIRDANCE
  1835 | D:3      | 1835 ||| READING scroll labelled DUXKILL RAUTH.
  1836 | D:3      | 1836 ||| READING 5 scrolls of identify.
  1836 | D:3      | 1836 ||| IDENTIFYING orange potion
  1837 | D:3      | 1837 ||| DROPPING potion of lignification.
  2046 | D:4      | Killed from afar by an orc priest

Levels and vault maps discovered:
D:1:      psy_arrival_heroes, layout_loops_ring, serial_shops, shop
D:2:      layout_rooms, serial_undead, serial_undead_e, serial_undead_d,
          serial_undead_c, serial_undead_a, minmay_surrounded
D:3:      layout_rooms, ebering_ecumenical_altar_rust, serial_park_tiny_1
D:4:      layout_cave_pools, amcnicky_altar_gilded, doesnt_xom_only_xom,
          uniq_menkaure

Skill      XL: |  1  2  3  4  5 |
---------------+----------------+-----
Ranged Weapons | 3 4 5 |  5.9
Fighting       | 2 |  2.0
Armour         | 1 |  1.8
Dodging        | |  1.5
Spellcasting   | |  1.0
Hexes          | |  2.6

Action                     |  1- 3 |  4- 6 || total
---------------------------+-------+-------++-------
   Fire: Sling             |   137 |    89 ||   226
    Use: Scroll            |     7 |    10 ||    17
         Potion            |     1 |       ||     1
 Armour: Robe              |    23 |     3 ||    26
         Ring mail         |       |     3 ||     3
  Dodge: Dodged            |    29 |    17 ||    46

Table legend:
 A = Non-vault XP
 B = Vault XP
 C = Vault XP percentage of total XP
 D = Non-vault monster count
 E = Vault monster count
 F = Vault count percentage of total count
                 A         B        C        D         E       F
            +---------+---------+-------+---------+---------+-------
      Total |     202 |     198 |  49.5 |      65 |       9 |  12.2
            +---------+---------+-------+---------+---------+-------
        D:1 |      37 |       0 |   0.0 |      21 |       0 |   0.0
        D:2 |      39 |      26 |  40.0 |      20 |       8 |  28.6
        D:3 |      61 |       0 |   0.0 |      17 |       0 |   0.0
        D:4 |      65 |     172 |  72.6 |       7 |       1 |  12.5
            +---------+---------+-------+---------+---------+-------
